 Dungeon Crawl Stone Soup version 0.31-a0-435-g2c6fae2916 (console) character file.

Game seed: 5825297476825286877

4475 Ignak the Ogre Mage (level 10, -6/100 HPs)
             Began as an Ogre Hedge Wizard on Aug 1, 2023.
             Killed by the air
             ... invoked by Gastronok
              (41 damage)
             ... on level 8 of the Dungeon.
             The game lasted 00:25:00 (10912 turns).

Ignak the Ogre Mage (Ogre Hedge Wizard)            Turns: 10912, Time: 00:25:00

Health: -6/100     AC:  9    Str: 18    XL:     10   Next: 38%
Magic:  18/20      EV: 10    Int: 17    God:
Gold:   333        SH:  0    Dex:  8    Spells: 10/23 levels left

rFire   . . .        u - +4 quarterstaff (chaos)
rCold   . . .        (shield currently unavailable)
rNeg    . . .        H - +0 steam dragon scales
rPois   .            E - +2 hat
rElec   .            o - +0 cloak
rCorr   .            (gloves unavailable)
SInv    +            (boots unavailable)
Will    +....        (no amulet)
Stlth   +            g - ring of see invisible
HPRegen 0.36/turn    c - ring of wizardry
MPRegen 0.17/turn

%: wizardry (x1)
@: no status effects
A: large, unfitting armour, tough skin 1
a: no special abilities


You were on level 8 of the Dungeon.
You visited 2 branches of the dungeon, and saw 11 of its levels.

You collected 333 gold pieces.

Inventory:

Hand Weapons
 k - a +0 giant spiked club
 u - a +4 quarterstaff of chaos (weapon)
Missiles
 x - 24 poisoned darts (quivered)
Armour
 o - a +0 cloak (worn)
 E - a +2 hat (worn)
 H - +0 steam dragon scales (worn)
Jewellery
 c - a ring of wizardry (right hand)
 g - a ring of see invisible (left hand)
 w - a ring of willpower
 G - an amulet of faith
Talismans
 d - a beast talisman
 j - a serpent talisman
Wands
 s - a wand of digging (7)
 A - a wand of polymorph (11)
 B - a wand of mindburst (12)
Scrolls
 a - a scroll of teleportation {unknown}
 l - a scroll of enchant armour
 t - a scroll of noise {unknown}
 v - 4 scrolls of identify {unknown}
 y - a scroll of blinking {unknown}
 C - a scroll of acquirement {unknown}
Potions
 e - 3 potions of curing {unknown}
 f - a potion of mutation {unknown}
 h - 2 potions of invisibility {unknown}
 i - a potion of resistance {unknown}
 m - a potion of cancellation
 n - a potion of degeneration {unknown}
 p - 3 potions of lignification {unknown}
 q - 4 potions of enlightenment
 r - a potion of heal wounds
 z - 2 potions of haste {unknown}
 D - 2 potions of ambrosia {unknown}
 F - a potion of berserk rage {unknown}


   Skills:
 + Level 6.4 Fighting
 * Level 3.6 Maces & Flails
 + Level 4.8 Dodging
 - Level 1.4 Stealth
 - Level 2.0 Unarmed Combat
 + Level 7.0 Spellcasting
 * Level 4.3 Conjurations
 + Level 4.8 Summonings
 + Level 4.6 Necromancy
 - Level 3.0 Translocations
 - Level 2.0 Air Magic
 * Level 2.9 Earth Magic
 - Level 2.0 Poison Magic


You had 10 spell levels left.
You knew the following spells:

 Your Spells              Type           Power      Damage    Failure   Level
a - Magic Dart            Conj           80%        1d7       1%          1
b - Blink                 Tloc           32%        N/A       1%          2
d - Mephitic Cloud        Conj/Pois/Air  15%        N/A       4%          3
e - Call Imp              Summ           44%        N/A       1%          2
f - Stone Arrow           Conj/Erth      36%        3d9       3%          3
t - Passwall              Tmut/Erth      8%         N/A       4%          2

Your spell library contained the following spells:

 Spells                   Type           Power      Damage    Failure   Level
 Foxfire                  Conj/Fire      52%        2x1d6     1%          1
 Sandblast                Erth           30%        2d9       1%          1
 Cigotuvi's Dreadful Rot  Necr/Pois/Air  30%        N/A       2%          2
 Slow                     Hex            20%        N/A       4%          1
 Starburst                Conj/Fire      6%         6d4       94%         6
 Plasma Beam              Fire/Air       4%         2x1d14    98%         6
 Haunt                    Necr/Summ      11%        N/A       99%         7
 Borgnjor's Revivificati  Necr           10%        N/A       100%        8
 Death's Door             Necr           10%        N/A       100%        9


Dungeon Overview and Level Annotations

Branches:
Dungeon (10/15)            Temple (1/1) D:4
   Lair: D:8-11         Orc: D:9-12

Altars:
Ashenzari
Cheibriados
Dithmenos
Elyvilon
Fedhas
Gozag
Hepliaklqana
Kikubaaqudgha
Makhleb
Nemelex Xobeh
Okawaru
Qazlal
Ru
Uskayaw
Vehumet
Wu Jian
Yredelemnul
Zin
The Shining One

Shops:
D:6 [

Annotations:
D:8 Gastronok


Innate Abilities, Weirdness & Mutations

You are too large for most types of armour.
You have tough skin. (AC +1)


Message History

You see here a +0 spear.
Casting: Mephitic Cloud (mildly dangerous; 4% risk of failure)
Confirm with . or Enter, or press ? or * to list all spells.
Aiming: Mephitic Cloud (mildly dangerous; 4% risk of failure)
Press: ? - help, Shift-Dir - straight line, f - Gastronok
Aim: Gastronok, wearing a +2 hat of willpower (chance to affect: 5%)
The ball explodes into a vile cloud!
The stinking cloud engulfs Gastronok but does no damage.
Gastronok is engulfed in noxious fumes.
Gastronok waves his eye-stalks in wide circles.
The air twists around and strikes you!!
Aiming: Mindburst
Press: ? - help, Shift-Dir - straight line, f/p - Gastronok
Aim: Gastronok, wearing a +2 hat of willpower (noxious fumes, chance to affect: 1%) Gastronok resists with almost no effort.
Aiming: Mindburst
Press: ? - help, Shift-Dir - straight line, f/p - Gastronok
Aim: Gastronok, wearing a +2 hat of willpower (noxious fumes, chance to affect: 1%) Gastronok resists with almost no effort.
Gastronok is engulfed in noxious fumes.
Aiming: Mindburst
Press: ? - help, Shift-Dir - straight line, f/p - Gastronok
Aim: Gastronok, wearing a +2 hat of willpower (chance to affect: 1%)
Okay, then.
You hit Gastronok.
Gastronok is lightly wounded.
Okay, then.
You sock Gastronok!
Gastronok is poisoned.
Gastronok is lightly wounded.
Gastronok bites you!!
You hit Gastronok.
Gastronok suddenly seems more agile.
Gastronok is lightly wounded.
You completely miss Gastronok.
Gastronok is lightly wounded.
Gastronok bites you!
You sock Gastronok!
Gastronok looks as sick as possible!
Gastronok is lightly wounded.
Gastronok waves his eye-stalks in wide circles.
The air twists around and strikes you!!!
You die...

.#### # ..... .#
.."###.##
##...#:..##
#..<......#
#..........
#######.#..#
#........).#
.........@.#
.#####)##w#
##.##.###
##....$....
#..#####>#.
###.### .#
#....ยง####.#..
###.....##......
#...._.....#


You could see Gastronok (agile, extremely poisoned).

Vanquished Creatures
  A two-headed ogre (D:4)
  A rime drake (D:7)
  A kobold demonologist (D:10)
  Grinder (D:5)
  Sigmund (D:5)
  A wyvern (D:7)
  Eustachio (D:5)
  4 yaks (D:10)
  A steam dragon (D:7)
  Menkaure (D:6)
  2 sky beasts (D:6)
  2 orc warriors
  An ice beast (D:5)
  A black bear (D:5)
  A centaur (D:6)
  A phantom (D:4)
  3 kobold brigands (D:10)
  2 bullfrogs (D:6)
  Blork the orc (D:5)
  A killer bee (D:9)
  An orc priest (D:6)
  A gnoll bouda (D:8)
  3 jellies
  Crazy Yiuf (D:2)
  A hound (D:4)
  2 sleepcaps
  5 iguanas
  Natasha (D:3)
  3 orc wizards
  3 gnolls (D:8)
  10 adders
  A shadow imp (D:7)
  3 ufetubi
  2 worms
  2 dart slugs
  14 orcs
  A giant cockroach (D:3)
  6 goblins
  5 hobgoblins
  A jackal (D:3)
  2 quokkas
  5 ball pythons
  6 bats
  4 frilled lizards
  12 kobolds
  3 rats
126 creatures vanquished.

Vanquished Creatures (collateral kills)
  Jessica (D:2)
  An iguana (D:5)
  An adder (D:3)
  A bat (D:1)
  An endoplasm (D:1)
  A hobgoblin (D:3)
  A quokka (D:2)
  A ball python (D:2)
  A frilled lizard (D:2)
  A rat (D:2)
10 creatures vanquished.

Grand Total: 136 creatures vanquished

Notes
Turn   | Place    | Note
-------+----------+-------------------------------------------
     0 | D:1      | Ignak the Ogre Hedge Wizard began the quest for the Orb.
     0 | D:1      | Reached XP level 1. HP: 16/16 MP: 5/5
    69 | D:1      | Reached skill level 1 in Conjurations
    69 | D:1      | Reached skill level 1 in Translocations
   241 | D:1      | Reached XP level 2. HP: 24/26 MP: 6/6
   244 | D:1      | Learned a level 2 spell: Blink
   247 | D:1      | Learned a level 2 spell: Call Imp
  1142 | D:2      | Reached skill level 1 in Fighting
  1142 | D:2      | Reached XP level 3. HP: 3/33 MP: 6/8
  1269 | D:2      | Noticed Jessica
  1279 | D:2      | Killed Jessica
  1280 | D:2      | Reached skill level 1 in Unarmed Combat
  1319 | D:2      | Reached XP level 4. HP: 4/41 MP: 9/9
  1499 | D:2      | Reached skill level 4 in Spellcasting
  1770 | D:2      | Found a runed translucent door.
  1771 | D:2      | Noticed Crazy Yiuf
  1780 | D:2      | Learned a level 3 spell: Mephitic Cloud
  1800 | D:2      | Killed Crazy Yiuf
  2482 | D:3      | Reached XP level 5. HP: 40/49 MP: 9/11
  2577 | D:3      | Noticed Natasha
  2588 | D:3      | Natasha changed into Natasha the adder
  2588 | D:3      | Noticed Natasha
  2589 | D:3      | Killed Natasha the adder
  3212 | D:4      | Found a staircase to the Ecumenical Temple.
  3247 | Temple   | Entered the Ecumenical Temple
  3326 | Temple   | Became a worshipper of Elyvilon the Healer
  3503 | D:4      | Noticed a phantom
  3651 | D:3      | Fell from the grace of Elyvilon
  3781 | D:4      | Killed a phantom
  3782 | D:4      | Reached skill level 1 in Air Magic
  3782 | D:4      | Reached skill level 1 in Poison Magic
  3782 | D:4      | Reached XP level 6. HP: 52/59 MP: 9/12
  4008 | D:4      | Found a glowing golden altar of the Shining One.
  4177 | D:4      | Noticed a two-headed ogre
  4493 | D:4      | Found a sparkling altar of Nemelex Xobeh.
  5157 | D:5      | Entered Level 5 of the Dungeon
  5198 | D:5      | Noticed Blork the orc
  5200 | D:5      | Noticed Grinder
  5211 | D:5      | Killed Blork the orc
  5212 | D:5      | Reached skill level 1 in Summonings
  5212 | D:5      | Reached XP level 7. HP: 64/67 MP: 7/14
  5230 | D:5      | HP: 1/67 [Grinder (3)]
  5243 | D:5      | Killed Grinder
  5244 | D:5      | Reached skill level 1 in Necromancy
  5607 | D:5      | Noticed Eustachio
  5630 | D:5      | Killed Eustachio
  5631 | D:5      | Reached skill level 5 in Spellcasting
  5631 | D:5      | Reached XP level 8. HP: 55/78 MP: 15/15
  5891 | D:3      | Noticed Natasha
  5901 | D:3      | Killed Natasha
  6298 | D:4      | Killed a two-headed ogre
  6299 | D:4      | Reached skill level 6 in Spellcasting
  6710 | D:5      | Reached XP level 9. HP: 60/87 MP: 16/18
  6823 | D:5      | Noticed Sigmund
  6841 | D:5      | Killed Sigmund
  6842 | D:5      | Reached skill level 5 in Fighting
  7231 | D:6      | Reached skill level 1 in Maces & Flails
  7686 | D:6      | Found an opulent altar of Gozag.
  7705 | D:6      | Found a glowing silver altar of Zin.
  7743 | D:6      | Found a broken altar of Ashenzari.
  8010 | D:6      | Learned a level 2 spell: Passwall
  8014 | D:6      | Learned a level 3 spell: Stone Arrow
  8119 | D:6      | Found Cuudexunn's Armour Shoppe.
  8257 | D:6      | Found an iron altar of Okawaru.
  8257 | D:6      | Noticed Menkaure
  8266 | D:6      | Killed Menkaure
  8861 | D:7      | Noticed a hornet
  8863 | D:7      | Reached skill level 1 in Earth Magic
  8865 | D:7      | a hornet changed into a rime drake
  8865 | D:7      | Noticed a rime drake
  8867 | D:7      | Killed a rime drake
  9868 | D:7      | You fall into a shaft and drop 3 floors!
  9868 | D:10     | Entered Level 10 of the Dungeon
  9926 | D:10     | Reached XP level 10. HP: 66/98 MP: 18/20
 10176 | D:9      | Noticed a kobold demonologist
 10282 | D:10     | Killed a kobold demonologist
 10624 | D:10     | Reached skill level 7 in Spellcasting
 10823 | D:8      | Found a stormy altar of Qazlal.
 10898 | D:8      | Noticed Gastronok
 10912 | D:8      | Killed from afar by Gastronok

Illustrated notes

Levels and vault maps discovered:
D:1:      dpeg_arrival_tiny_d, layout_basic
D:2:      layout_basic, minmay_quadrilaterals, uniq_jessica,
          uniq_crazy_yiuf_cottage
D:3:      layout_basic, hex_medium, st_stairs_7, uniq_natasha
D:4:      minmay_chambers_of_fours, layout_loops_ring, tso_oasis_becter,
          mainiacjoe_overflow_concentric_impassable,
          minmay_temple_entry_crystal_x
D:5:      layout_cave_pods, serial_park_tiny_1, uniq_sigmund, uniq_eustachio,
          uniq_blork_the_orc, uniq_grinder
D:6:      layout_loops_ring, mainiacjoe_overflow_boulevard, okawaru_gym_becter,
          lemuel_crystal_altar, nicolae_overflow_hidden_temple, serial_shops,
          shop, uniq_menkaure
D:7:      layout_basic, serial_co_window_serial, co_window_of_opportunity_a,
          co_window_of_opportunity_a, co_window_paths_b, co_window_paths_a,
          co_window_corner_a, co_window_paths_b, co_window_cross_4,
          co_window_of_opportunity_b, co_window_2corner, co_window_corner_b,
          co_window_corner_b, co_window_corner_b, co_window_4corner_b,
          co_window_paths_e, glass_columns_a
D:8:      layout_loops_ring, led_xom_imps, grunt_qazlal_clouds, uniq_gastronok
D:9:      layout_layer_cave
D:10:     layout_roguey, trog_three_pillars_becter, led_sif_book,
          lair_entry_dummy, serial_shops, shop_fountains
Temple:   chequers_temple_sunken

Skill      XL: |  1  2  3  4  5  6  7  8  9 10 |
---------------+-------------------------------+-----
Conjurations   | 1 2 3 4 |  4.3
Translocations | 1 2 3 |  3.0
Dodging        | 2 3 4 |  4.8
Fighting       | 1 2 3 4 6 |  6.4
Unarmed Combat | 1 2 |  2.0
Spellcasting   | 4 5 6 7 |  7.0
Air Magic      | 1 2 |  2.0
Poison Magic   | 1 2 |  2.0
Summonings     | 1 2 3 4 |  4.8
Necromancy     | 1 3 4 |  4.6
Maces & Flails | 2 3 |  3.6
Earth Magic    | 2 |  2.9
Stealth        | |  1.4

Action                     |  1- 3 |  4- 6 |  7- 9 | 10-12 || total
---------------------------+-------+-------+-------+-------++-------
  Melee: Club              |    37 |    57 |       |       ||    94
         Dagger            |     7 |       |       |       ||     7
         Punch             |     1 |       |       |       ||     1
         Unarmed           |    18 |    16 |       |       ||    34
         Constrict         |     2 |     6 |       |       ||     8
         Quarterstaff      |       |    77 |   165 |    82 ||   324
  Throw: Dart              |       |       |     6 |     2 ||     8
   Cast: Magic Dart        |     3 |     6 |     8 |       ||    17
         Call Imp          |     9 |    18 |     6 |     2 ||    35
         Blink             |       |     9 |     7 |     5 ||    21
         Mephitic Cloud    |       |     9 |    17 |    10 ||    36
         Stone Arrow       |       |       |     3 |       ||     3
 Invoke: Renounce Religion |       |     1 |       |       ||     1
Ability: Begin Untransform |       |     2 |       |       ||     2
  Evoke: Wand              |       |       |     4 |     4 ||     8
    Use: Potion            |       |     1 |     5 |       ||     6
         Scroll            |       |       |     1 |       ||     1
   Stab: Sleeping          |     2 |     2 |     1 |       ||     5
         Confused          |       |     1 |     3 |     6 ||    10
         Paralysed         |       |       |     1 |       ||     1
 Armour: Robe              |    15 |    41 |    36 |       ||    92
         Skin              |    15 |    12 |       |       ||    27
         Steam dragon scal |       |       |    11 |    47 ||    58
  Dodge: Dodged            |    35 |    94 |    91 |    54 ||   274
   Form: Anaconda          |     1 |     1 |       |       ||     2

Table legend: (Time is in decaauts)
 A = Elapsed time spent in this place.
 B = Non-inter-level travel time spent in this place.
 C = Inter-level travel time spent in this place.
 D = Time resting spent in this place.
 E = Time spent auto-exploring this place.
 F = Levels seen in this place.
 G = Mean time per level.
                   A        B        C        D        E       F      G
               +--------+--------+--------+--------+--------+-----+--------+
         Total |  11033 |  10661 |    372 |   2582 |   5583 |  11 | 1003.0 |
       Dungeon |  10770 |  10424 |    346 |   2469 |   5583 |  10 | 1077.0 |
        Temple |    263 |    237 |     26 |    113 |      0 |   1 |  263.0 |
               +--------+--------+--------+--------+--------+-----+--------+

Top non-repeatable levels by time:
     D:4: 1721 daAuts
     D:5: 1693 daAuts
     D:3: 1429 daAuts
     D:2: 1388 daAuts
     D:7: 1276 daAuts
     D:6: 1158 daAuts
     D:1: 1031 daAuts
    D:10: 841 daAuts
  Temple: 263 daAuts
     D:9: 137 daAuts
     D:8: 91 daAuts
